 Dungeon Crawl Stone Soup version 0.18.1-50-g88ac8fd (webtiles) character file.

215 maniek23 the Covert (level 5, -2/26 HPs)
             Began as a Spriggan Assassin on Sept 26, 2016.
             Slain by a worm (7 damage)
             ... on level 3 of the Dungeon.
             The game lasted 00:12:49 (2460 turns).

maniek23 the Covert (Spriggan Assassin)             Turns: 2460, Time: 00:12:49

Health: -2/26      AC:  3    Str:  7    XL:     5   Next: 60%
Magic:  6/6        EV: 19    Int: 13    God:
Gold:   112        SH:  0    Dex: 18    Spells: 0 memorised, 4 levels left

rFire  . . .     SeeInvis +     a - +2 dagger
rCold  . . .     Gourm    .     c - +0 robe
rNeg   . . .     Faith    .     (shield restricted)
rPois  .         Spirit   .     (helmet restricted)
rElec  .         Dismiss  .     d - +0 cloak
rCorr  .         Reflect  .     (gloves unavailable)
SustAt .         Harm     .     (boots unavailable)
MR     .....     Rnd*Tele +     (no amulet)
Stlth  +++++.....               (no ring)
                                r - ring of teleportation (curse)

@: very quick, not resistant to hostile enchantments, quite stealthy
A: unfitting armour, see invisible, herbivore 3, speed 3, slow metabolism 2
a: no special abilities


You were on level 3 of the Dungeon.
You were not hungry.

You visited 1 branch of the dungeon, and saw 3 of its levels.

You collected 112 gold pieces.

Inventory:

Hand Weapons
 a - a +2 dagger (weapon)
 b - a +0 blowgun
Missiles
 e - 8 poisoned needles
 f - 2 curare-tipped needles
 t - 67 stones (quivered)
Armour
 c - a +0 robe (worn)
 d - a +0 cloak (worn)
 n - a +0 leather armour
Jewellery
 r - a cursed ring of teleportation (left hand)
Scrolls
 h - a scroll of noise {unknown}
 j - 5 scrolls of identify {unknown}
 l - a scroll of enchant armour {unknown}
 m - 3 scrolls of enchant weapon {unknown}
 o - 6 scrolls of remove curse {unknown}
 p - a scroll of immolation {unknown}
 q - 2 scrolls of fog {unknown}
 s - 3 scrolls of teleportation {unknown}
 u - a scroll of fear {unknown}
Potions
 i - 4 potions of curing {unknown}
 k - a potion of degeneration {unknown}
 v - a potion of haste {unknown}
 x - a potion of heal wounds {unknown}
Comestibles
 g - 2 bread rations
 w - a slice of pizza


   Skills:
 + Level 1.9 Fighting
 * Level 3.3 Short Blades
 + Level 2.0 Throwing
 + Level 4.0 Dodging
 + Level 8.6 Stealth


You had 4 spell levels left.
You didn't know any spells.

Dungeon Overview and Level Annotations

Branches:
Dungeon (3/15)

Altars:


Innate Abilities, Weirdness & Mutations

You are tiny and cannot use many weapons and most armour.
You have supernaturally acute eyesight.
You are a herbivore.
You cover ground extremely quickly.
You need consume almost no food.


Message History

You hit the worm but do no damage.
The worm is heavily wounded.
The worm completely misses you.
You hit the worm.
The worm is severely wounded.
The goblin completely misses you.
You hit the worm.
The worm is almost dead.
The goblin barely misses you. The worm bites you!
* * * LOW HITPOINT WARNING * * *
You are too injured to fight recklessly!
You are too injured to fight recklessly!
You barely miss the worm.
The worm is almost dead.
The goblin hits you.
* * * LOW HITPOINT WARNING * * *
You hit the worm.
The worm is almost dead.
The worm bites you!
You die...

..######....##.###########
..#....#..................
..#....#....##.###........
..#....#..................
..#....#.##.######........
..#....#.##.######........
..#....#.##...............
..........................
..#....#.###...g@.........
..#....### #...w..........
.####### #######........
.# #........ .# #########
.# .#################
..)..............#
################.#


You could see a worm and a goblin.

Vanquished Creatures
  2 hounds (D:3)
  Jessica (D:3)
  5 adders
  A shadow imp (D:3)
  An ooze (D:2)
  2 worms (D:2)
  A dart slug (D:2)
  A giant gecko (D:1)
  8 giant cockroaches
  6 goblins
  9 hobgoblins
  4 jackals (D:2)
  7 kobolds
  2 quokkas (D:2)
  6 bats
  6 giant newts
  4 rats
66 creatures vanquished.

Notes
Turn   | Place    | Note
--------------------------------------------------------------
     0 | D:1      | maniek23 the Spriggan Assassin began the quest for the Orb.
     0 | D:1      | Reached XP level 1. HP: 10/10 MP: 2/2
    44 | D:1      | Reached skill level 6 in Stealth
   216 | D:1      | Reached XP level 2. HP: 13/14 MP: 3/3
   638 | D:1      | Reached XP level 3. HP: 18/18 MP: 4/4
   731 | D:1      | Reached skill level 7 in Stealth
  1284 | D:2      | Reached XP level 4. HP: 19/23 MP: 5/5
  1688 | D:3      | Noticed Jessica
  1693 | D:3      | Killed Jessica
  1752 | D:3      | Reached skill level 8 in Stealth
  1752 | D:3      | Reached XP level 5. HP: 24/26 MP: 6/6
  2460 | D:3      | Slain by a worm

Skill      XL: |  1  2  3  4  5 |
---------------+----------------+-----
Stealth        | 6 7 8 |  8.6
Dodging        | 3 4 |  4.0
Short Blades   | 3 |  3.3
Fighting       | |  1.9
Throwing       | |  2.0

Action                   |  1- 3 |  4- 6 || total
-------------------------+-------+-------++-------
Melee: Dagger            |   166 |    97 ||   263
 Fire: Blowgun           |       |     3 ||     3
 Stab: Sleeping          |    16 |     6 ||    22
       Distracted        |     1 |       ||     1
Armor: Robe              |    18 |     6 ||    24
Dodge: Dodged            |   109 |    79 ||   188
